 Dungeon Crawl Stone Soup version 0.31-a0-233-g139696dc86 (webtiles) character file.

Game seed: 15453479084148459013

123 qw the Shooter (level 5, -6/30 HPs)
             Began as a Gargoyle Hexslinger on July 8, 2023.
             Mangled by a gnoll
             ... wielding a +0 spear
              (7 damage)
             ... on level 2 of the Dungeon.
             The game lasted 00:00:52 (1634 turns).

qw the Shooter (Gargoyle Hexslinger)                Turns: 1634, Time: 00:00:52

Health: -6/30      AC: 10    Str:  9    XL:     5   Next: 7%
Magic:  6/6        EV: 10    Int: 14    God:
Gold:   69         SH:  0    Dex: 14    Spells: 5/6 levels left

rFire   . . .        Y - +1 sling
rCold   . . .        (no shield)
rNeg    + . .        l - +0 ring mail
rPois   inf          (no helmet)
rElec   +            h - +0 cloak
rCorr   .            (no gloves)
SInv    .            (no boots)
Will    .....        (no amulet)
Stlth   +            (no ring)
HPRegen 0.25/turn    (no ring)
MPRegen 0.10/turn

%: no passive effects
@: no status effects
A: sickness immunity, AC +4, negative energy resistance 1, electricity
resistance, torment resistance 1, petrification resistance, sense surroundings
1, weak 1, MP-powered wands
a: no special abilities


You were on level 2 of the Dungeon.
You visited 1 branch of the dungeon, and saw 2 of its levels.

You collected 69 gold pieces.


Innate Abilities, Weirdness & Mutations

You are immune to sickness and miasma.
Your stone body is resilient. (AC +4)
You are immune to poison.
You resist negative energy. (rN+)
You are resistant to electric shocks. (rElec)
You are resistant to unholy torment.
You are immune to petrification.
You passively map a small area around you.
You are weak. (Str -2)
You expend magic power (3 MP) to strengthen your wands.


   Skills:
 - Level 2.0 Fighting
 + Level 4.5 Ranged Weapons
 - Level 1.3 Armour
 - Level 1.5 Dodging
 - Level 1.0 Spellcasting
 - Level 2.6 Hexes


You had 5 spell levels left.
You knew the following spells:

 Your Spells              Type           Power      Damage    Failure   Level
a - Slow                  Hex            32%        N/A       24%         1

Your spell library contained the following spells:

 Spells                   Type           Power      Damage    Failure   Level
 Inner Flame              Hex/Fire       4%         N/A       77%         3
 Portal Projectile        Hex/Tloc       8%         N/A       77%         3
 Cause Fear               Hex            4%         N/A       94%         4

Inventory:

Hand Weapons
 Y - a +1 sling (weapon)
Armour
 h - a +0 cloak (worn)
 l - a +0 ring mail (worn)
Jewellery
 a - a ring of protection from cold
Wands
 b - a wand of digging (2)
Scrolls
 g - 2 scrolls of identify
Potions
 d - 2 potions of mutation
 e - a potion of cancellation
 j - a potion of attraction {unknown}
 k - 2 potions of heal wounds {unknown}

Dungeon Overview and Level Annotations

Branches:
Dungeon (2/15)

Altars:

Annotations:
D:1 1 transporter


Message History

The gnoll hits you with a +0 whip.
You shoot a sling bullet.
The sling bullet hits the gnoll but does no damage.
The gnoll is heavily wounded.
The gnoll barely misses you. The adder bites you but does no damage.
The gnoll hits you but does no damage. The gnoll closely misses you.
The gnoll hits you but does no damage.
You shoot a sling bullet.
The sling bullet completely misses the gnoll.
The sling bullet hits the ball python.
You kill the ball python!
The adder bites you. The adder barely misses you.
The gnoll hits you but does no damage. The gnoll barely misses you.
The gnoll hits you with a +0 whip!
You shoot a sling bullet. The sling bullet hits the gnoll.
The gnoll is severely wounded.
The adder closely misses you. The gnoll closely misses you.
The gnoll barely misses you. The gnoll completely misses you.
The adder barely misses you.
You shoot a sling bullet.
The sling bullet closely misses the gnoll.
The gnoll hits you from afar with a +0 spear.
The gnoll misses you. The gnoll hits you but does no damage.
The adder barely misses you. The gnoll hits you with a +0 whip.
The gnoll completely misses you. The gnoll hits you with a +0 whip.
You shoot a sling bullet. The sling bullet hits the gnoll.
You kill the gnoll!
The adder bites you but does no damage. x2; The gnoll closely misses you. x2
The gnoll hits you but does no damage.
You have reached level 5!
You shoot a sling bullet.
The sling bullet completely misses the gnoll.
The adder bites you but does no damage. The gnoll misses you.
The gnoll hits you from afar with a +0 halberd.
The gnoll completely misses you. The adder bites you but does no damage.
You shoot a sling bullet. The sling bullet hits the gnoll!
The gnoll is severely wounded.
The adder bites you. The gnoll barely misses you. The gnoll closely misses you.
The gnoll hits you from afar with a +0 spear!
You die...

* * ** , , . , ..
, , ... , !... *
..>..######### *
.....gS......# *
.....g)@.....#
......g......#
####............#
<
,...............#
* #.............#
#.............#
#.............#
#.............#
*#.............#


You could see 3 gnolls and an adder.

Vanquished Creatures
  A gnoll (D:2)
  5 adders (D:2)
  2 worms
  3 dart slugs
  9 ball pythons
  4 endoplasms
  3 giant cockroaches
  4 goblins
  6 hobgoblins
  6 jackals (D:1)
  3 quokkas
  3 bats
  3 frilled lizards
  3 kobolds (D:1)
  A rat (D:2)
56 creatures vanquished.

Notes
Turn   | Place    | Note
-------+----------+-------------------------------------------
     0 | D:1      | qw the Gargoyle Hexslinger began the quest for the Orb.
     0 | D:1      | Reached XP level 1. HP: 12/12 MP: 2/2
     0 | D:1      | 0 ||| qw: Version: 0.3-a-46-gb1f654a
     0 | D:1      | 0 ||| qw: Game counter: 3728
     0 | D:1      | 0 ||| qw: Melee chars always use a shield: true
     0 | D:1      | 0 ||| qw: God list: Okawaru
     0 | D:1      | 0 ||| qw: Allow faded altars: false
     0 | D:1      | 0 ||| qw: Do Orc after clearing Dungeon:15 true
     0 | D:1      | 0 ||| qw: Do second Lair branch before Depths: true
     0 | D:1      | 0 ||| qw: Lair rune preference: random
     0 | D:1      | 0 ||| qw: Goals: Normal
     0 | D:1      | 0 ||| PLANNING D:1-11
   256 | D:1      | Reached XP level 2. HP: 12/16 MP: 3/3
   268 | D:1      | Reached skill level 3 in Ranged Weapons
   268 | D:1      | HP: 4/16 [kobold/+0 short sword (4)]
   273 | D:1      | HP: 1/16 [goblin/+0 club (2)]
   275 | D:1      | 275 ||| FLEEEEING.
   276 | D:1      | 276 ||| FLEEEEING.
   277 | D:1      | 277 ||| FLEEEEING.
   278 | D:1      | 278 ||| FLEEEEING.
   279 | D:1      | 279 ||| FLEEEEING.
   280 | D:1      | 280 ||| FLEEEEING.
   281 | D:1      | 281 ||| FLEEEEING.
   282 | D:1      | 282 ||| FLEEEEING.
   283 | D:1      | 283 ||| FLEEEEING.
   284 | D:1      | 284 ||| FLEEEEING.
   285 | D:1      | 285 ||| FLEEEEING.
   286 | D:1      | 286 ||| FLEEEEING.
   287 | D:1      | 287 ||| FLEEEEING.
   288 | D:1      | 288 ||| FLEEEEING.
   289 | D:1      | 289 ||| FLEEEEING.
   290 | D:1      | 290 ||| FLEEEEING.
   291 | D:1      | 291 ||| FLEEEEING.
   292 | D:1      | 292 ||| FLEEEEING.
   293 | D:1      | 293 ||| FLEEEEING.
   294 | D:1      | 294 ||| FLEEEEING.
   295 | D:1      | 295 ||| FLEEEEING.
   296 | D:1      | 296 ||| FLEEEEING.
   297 | D:1      | 297 ||| FLEEEEING.
   298 | D:1      | 298 ||| FLEEEEING.
   299 | D:1      | 299 ||| FLEEEEING.
   300 | D:1      | 300 ||| FLEEEEING.
   301 | D:1      | 301 ||| FLEEEEING.
   302 | D:1      | 302 ||| FLEEEEING.
   303 | D:1      | 303 ||| FLEEEEING.
   304 | D:1      | 304 ||| FLEEEEING.
   305 | D:1      | 305 ||| FLEEEEING.
   306 | D:1      | 306 ||| FLEEEEING.
   307 | D:1      | 307 ||| FLEEEEING.
   308 | D:1      | 308 ||| FLEEEEING.
   309 | D:1      | 309 ||| FLEEEEING.
   310 | D:1      | 310 ||| FLEEEEING.
   311 | D:1      | 311 ||| FLEEEEING.
   312 | D:1      | 312 ||| FLEEEEING.
   313 | D:1      | 313 ||| FLEEEEING.
   314 | D:1      | 314 ||| FLEEEEING.
   315 | D:1      | 315 ||| FLEEEEING.
   316 | D:1      | 316 ||| FLEEEEING.
   317 | D:1      | 317 ||| FLEEEEING.
   318 | D:1      | 318 ||| FLEEEEING.
   319 | D:1      | 319 ||| FLEEEEING.
   320 | D:1      | 320 ||| FLEEEEING.
   321 | D:1      | 321 ||| FLEEEEING.
   322 | D:1      | 322 ||| FLEEEEING.
   323 | D:1      | 323 ||| FLEEEEING.
   324 | D:1      | 324 ||| FLEEEEING.
   325 | D:1      | 325 ||| FLEEEEING.
   477 | D:1      | Reached XP level 3. HP: 21/21 MP: 4/4
   716 | D:1      | 716 ||| FLEEEEING.
   717 | D:1      | 717 ||| FLEEEEING.
   922 | D:1      | 922 ||| UPGRADING to +0 cloak.
   927 | D:1      | 927 ||| UPGRADING to +0 ring mail.
   937 | D:1      | 937 ||| DROPPING +0 robe.
   938 | D:1      | 938 ||| READING 2 scrolls labelled ZUAKECS ICIPY.
   939 | D:1      | 939 ||| READING 3 scrolls labelled MOLELOD XYTTIH.
   940 | D:1      | 940 ||| READING scroll labelled VURREK CESU.
   941 | D:1      | 941 ||| DRINKING 2 green potions.
   941 | D:1      | Gained mutation: You passively map a small area around you.
                  | [potion of mutation]
   941 | D:1      | Gained mutation: You are weak. (Str -2) [potion of
                  | mutation]
   941 | D:1      | Gained mutation: You expend magic power (3 MP) to
                  | strengthen your wands. [potion of mutation]
   942 | D:1      | 942 ||| READING 2 scrolls of identify.
   942 | D:1      | 942 ||| IDENTIFYING fizzy clear potion
   943 | D:1      | 943 ||| DROPPING scroll of vulnerability.
   944 | D:1      | 944 ||| DROPPING scroll of poison.
   955 | D:2      | 955 ||| STAIRDANCE
  1112 | D:2      | Reached skill level 1 in Armour
  1112 | D:2      | Reached XP level 4. HP: 25/26 MP: 5/5
  1367 | D:2      | Reached skill level 4 in Ranged Weapons
  1519 | D:2      | HP: 6/26 [worm (9)]
  1631 | D:2      | HP: 3/26 [gnoll/+0 whip (4)]
  1633 | D:2      | Reached XP level 5. HP: 3/30 MP: 6/6
  1634 | D:2      | HP: 1/30 [adder (2)]
  1634 | D:2      | Mangled by a gnoll

Levels and vault maps discovered:
D:1:      spicycebolla_arrival_risky_transporter, layout_loops_ring
D:2:      layout_basic, kennysheep_generic_room_3

Skill      XL: |  1  2  3  4 |
---------------+-------------+-----
Ranged Weapons | 3 4 |  4.5
Fighting       | 2 |  2.0
Armour         | 1 |  1.3
Dodging        | |  1.5
Spellcasting   | |  1.0
Hexes          | |  2.6

Action                     |  1- 3 |  4- 6 || total
---------------------------+-------+-------++-------
   Fire: Sling             |   122 |    84 ||   206
    Use: Scroll            |     4 |       ||     4
         Potion            |     1 |       ||     1
 Armour: Robe              |     9 |       ||     9
         Ring mail         |    18 |    30 ||    48
  Dodge: Dodged            |    48 |    45 ||    93

Table legend:
 A = Non-vault XP
 B = Vault XP
 C = Vault XP percentage of total XP
 D = Non-vault monster count
 E = Vault monster count
 F = Vault count percentage of total count
                 A         B        C        D         E       F
            +---------+---------+-------+---------+---------+-------
      Total |     175 |       2 |   1.1 |      55 |       1 |   1.8
            +---------+---------+-------+---------+---------+-------
        D:1 |      65 |       0 |   0.0 |      34 |       0 |   0.0
        D:2 |     110 |       2 |   1.8 |      21 |       1 |   4.5
            +---------+---------+-------+---------+---------+-------
